 Dungeon Crawl Stone Soup version 0.30-a0-845-g7c6808c8ce (webtiles) character file.

Game seed: 432661515530877736

1 demibob the Charlatan (level 1, 0/15 HPs)
             Began as a Demonspawn Wanderer on Mar 2, 2023.
             Slain by a dart slug (1 damage)
             ... on level 1 of the Dungeon.
             The game lasted 00:00:19 (70 turns).

demibob the Charlatan (Demonspawn Wanderer)           Turns: 70, Time: 00:00:19

Health: 0/15       AC:  2    Str: 12    XL:     1   Next: 16%
Magic:  2/2        EV:  8    Int: 16    God:
Gold:   18         SH:  0    Dex:  9    Spells: 1/2 levels left

rFire   . . .      SeeInvis .      - Unarmed
rCold   . . .      Faith    .    (no shield)
rNeg    . . .      Spirit   .    e - +0 robe
rPois   .          Reflect  .    (no helmet)
rElec   .          Rampage  .    (no cloak)
rCorr   .                        (no gloves)
Will    .....                    (no boots)
Stlth   +                        (no amulet)
HPRegen 0.22/turn                (no ring)
MPRegen 0.08/turn                (no ring)

@: constricted
A: no striking features
a: no special abilities


You were on level 1 of the Dungeon.
You visited 1 branch of the dungeon, and saw 1 of its levels.

You collected 18 gold pieces.


   Skills:
 - Level 1.0 Fighting
 - Level 1.0 Dodging
 + Level 2.8 Unarmed Combat
 - Level 1.0 Spellcasting
 - Level 1.1 Necromancy
 - Level 3.0 Evocations


You had one spell level left.
You knew the following spells:

 Your Spells              Type           Power      Damage    Failure   Level
X - Necrotise             Necr           16%        1d4       14%         1

Your spell library contained the following spells:

 Spells                   Type           Power      Damage    Failure   Level
 Vampiric Draining        Necr           4%         2d6       41%         3

Inventory:

Hand Weapons
 a - a +0 club
Armour
 e - a +0 robe (worn)
Wands
 c - a wand of flame (5)
Scrolls
 b - a scroll of blinking
Potions
 d - a potion of haste {@q3}
 f - a potion of might

Dungeon Overview and Level Annotations

Branches:
Dungeon (1/15)

Altars:

.... .... .... ####
♣♣♣♣♣♣♣♣♣..#
♣..####..........#
♣♣.......#.$.....#
♣.......#.......#
♣.......#..@....#
♣.......#..wS...#
♣♣#.......#.......#
#.....#####.......#
####..............#
#.........^....#
#...........##.#
#...........# .#
#...####..


You could see a dart slug and a ball python.


Message History

You are too injured to fight recklessly!
You are too injured to fight recklessly!
You are too injured to fight recklessly!
You are too injured to fight recklessly!
You are too injured to fight recklessly!
You are too injured to fight recklessly!
You are too injured to fight recklessly!
You are too injured to fight recklessly!
You are too injured to fight recklessly!
You are too injured to fight recklessly!
You are too injured to fight recklessly!
You are too injured to fight recklessly!
You are too injured to fight recklessly!
You are too injured to fight recklessly!
You are too injured to fight recklessly!
You completely miss the ball python. The ball python bites you.
* * * LOW HITPOINT WARNING * * *
The ball python constricts you.
You closely miss the ball python. The ball python bites you.
* * * LOW HITPOINT WARNING * * *
The ball python constricts you.
You hit the ball python but do no damage.
The ball python barely misses you. The ball python constricts you.
* * * LOW HITPOINT WARNING * * *
You closely miss the ball python. The ball python bites you.
* * * LOW HITPOINT WARNING * * *
The ball python constricts you.
* * * LOW HITPOINT WARNING * * *
The dart slug bites you.
You die...

Action                     || total
---------------------------++-------
  Melee: Unarmed           ||    18
 Armour: Robe              ||     4
  Dodge: Dodged            ||    10

Levels and vault maps discovered:
D:1:      dpeg_arrival_tiny_i, layout_basic, serial_forest,
          infiniplex_forest_clump_small, infiniplex_forest_lined_1,
          infiniplex_forest_end_2, infiniplex_forest_clump_small,
          infiniplex_forest_straight_3, infiniplex_forest_corner_1,
          infiniplex_forest_join, infiniplex_forest_straight_2,
          infiniplex_forest_straight_4

Notes
Turn   | Place    | Note
-------+----------+-------------------------------------------
     0 | D:1      | demibob the Demonspawn Wanderer began the quest for the
                  | Orb.
     0 | D:1      | demibob set off with the following items: a +0 club, a
                  | scroll of blinking, a wand of flame (5), a potion of haste
                  | {@q3}, a +0 robe, a potion of might; and the following
                  | spell memorised: Necrotise; and the following spells
                  | available to memorise: Vampiric Draining.
     0 | D:1      | Reached XP level 1. HP: 15/15 MP: 2/2
    70 | D:1      | HP: 1/15 [constriction (1)]
    70 | D:1      | Slain by a dart slug

Vanquished Creatures
  A hobgoblin (D:1)
1 creature vanquished.

Table legend: (Time is in decaauts)
 A = Elapsed time spent in this place.
 B = Non-inter-level travel time spent in this place.
 C = Inter-level travel time spent in this place.
 D = Time resting spent in this place.
 E = Time spent auto-exploring this place.
 F = Levels seen in this place.
 G = Mean time per level.
                   A        B        C        D        E       F      G
               +--------+--------+--------+--------+--------+-----+--------+
         Total |     67 |     67 |      0 |      0 |     44 |   1 |   67.0 |
       Dungeon |     67 |     67 |      0 |      0 |     44 |   1 |   67.0 |
               +--------+--------+--------+--------+--------+-----+--------+

Top non-repeatable levels by time:
     D:1: 67 daAuts

Table legend:
 A = Non-vault XP
 B = Vault XP
 C = Vault XP percentage of total XP
 D = Non-vault monster count
 E = Vault monster count
 F = Vault count percentage of total count
                 A         B        C        D         E       F
            +---------+---------+-------+---------+---------+-------
      Total |       2 |       0 |   0.0 |       1 |       0 |   0.0
            +---------+---------+-------+---------+---------+-------
        D:1 |       2 |       0 |   0.0 |       1 |       0 |   0.0
            +---------+---------+-------+---------+---------+-------
